AoeStats
← Smiley

Pilgrims

510135718Analyzed
2v2 RM · 3d ago on Sep 29, 2026· 32m 2s· 4 players
Game mode
Random Map
Map size
Medium (4 player)
Population
200
Speed
Normal
Resources
Standard
Victory
Conquest
Starting age
Dark Age
Ending age
Imperial Age
RankedLock teamsTeams togetherTeam positionsShared explorationLock speedFull tech treeHidden civsTurbo modeCheats
Victory
Defeat
🇷🇸 Japanese · Serbia
1036
+16
🇩🇪 Italians · Germany
1027
+16
🇮🇳 Byzantines · India
1040
-38
🇺🇸 Danes · United States
1034
-16
Lord Bendtner
7:02 Loom
12:03 Feudal Age
13:44 Double-Bit Axe
13:55 Gold Mining
14:31 Fishing Lines
19:23 Forging
23:58 Castle Age
23:26 Fletching
24:57 Medium Warships
24:40 Gillnets
25:27 Iron Casting
24:51 Stone Mining
26:21 Wheelbarrow
27:08 Stone Shaft Mining
26:46 Bow Saw
31:11 Imperial Age
29:35 Ballistics
30:13 Thumb Ring
31:11 Bodkin Arrow
31:17 Padded Archer Armor
32:19 Bracer
Smiley
8:58 Loom
12:23 Feudal Age
13:14 Double-Bit Axe
14:02 Gold Mining
14:23 Fletching
16:33 Wheelbarrow
17:36 Stone Mining
18:32 Fishing Lines
21:19 Castle Age
19:06 Town Watch
20:25 Horse Collar
20:55 Scale Mail Armor
22:25 Forging
24:09 Gambesons
24:59 Squires
24:45 Arson
29:40 Chain Mail Armor
31:49 Gillnets
Dirty F150
3:42 Loom
3:44 Loom
11:17 Feudal Age
11:47 Double-Bit Axe
19:35 Castle Age
22:27 Forging
22:38 Arson
26:55 Fletching
26:47 Crossbowman
27:58 Bodkin Arrow
29:03 Padded Archer Armor
banjaara
11:31 Feudal Age
12:17 Double-Bit Axe
13:10 Horse Collar
13:46 Fishing Lines
20:02 Castle Age
19:59 Wheelbarrow
24:25 Stone Mining
24:26 Gold Mining
24:34 Gold Mining
26:18 Scale Mail Armor
26:08 Fletching
26:44 Hand Cart
26:19 Pikeman
26:59 Squires
27:13 Crossbowman
27:58 Thumb Ring
29:11 Elite Skirmisher
Connection lost

Rejoining the realm…

Still unreachable

The connection could not be restored.

Session expired

The server has moved on; the page needs a fresh start.